 Dungeon Crawl Stone Soup version 0.21.1-1-g345015f (webtiles) character file.

173943 poirepourri the Unseen (level 17, -8/88 HPs)
             Began as a Spriggan Enchanter on July 11, 2018.
             Was a High Priest of Dithmenos.
             Hit by a large rock thrown by Polyphemus (26 damage)
             ... on level 3 of the Shoals on July 12, 2018.
             The game lasted 01:30:46 (52005 turns).

poirepourri the Unseen (Spriggan Enchanter)        Turns: 52005, Time: 01:30:47

Health: -8/88      AC:  8    Str: 10    XL:     17   Next: 44%
Magic:  39/49      EV: 28    Int: 18    God:    Dithmenos [*****.]
Gold:   755        SH:  4    Dex: 22    Spells: 26/52 levels left

rFire    . . .     SeeInvis +   a - +3 short sword of the Genius {pierce, Str+4}
rCold    . . .     Gourm    .   (shield restricted)
rNeg     + . .     Faith    .   Y - +2 robe of the Swamp {*Contam rN+ Regen+ Str+2}
rPois    .         Spirit   .   X - +1 hat {MR+}
rElec    .         Reflect  +   d - +2 cloak {+Inv}
rCorr    .         Harm     .   (gloves unavailable)
MR       +++..                  (boots unavailable)
Stlth    +++++++...             z - +4 amulet of reflection
HPRegen  0.64/turn              g - ring of magical power
MPRegen  0.31/turn              Z - ring of wizardry

@: wreathed by umbra, studying Stealth, slow
A: very small, unfitting armour, see invisible, herbivore, speed 3, slow
metabolism 2
a: Shadow Step, Shadow Form, Renounce Religion, Evoke Invisibility


You were on level 3 of the Shoals.
You worshipped Dithmenos.
Dithmenos was extremely pleased with you.
You were not hungry.

You visited 7 branches of the dungeon, and saw 31 of its levels.
You visited the Abyss 1 time.
You visited 1 bazaar.
You also visited: Ossuary and Volcano.

You collected 3030 gold pieces.
You spent 2275 gold pieces at shops.

Inventory:

Hand Weapons
 a - the +3 short sword of the Genius (weapon) {pierce, Str+4}
   (You acquired it on level 14 of the Dungeon)

   It inflicts extra damage upon your enemies.
   It affects your strength (+4).
 b - a +0 blowgun
Missiles
 m - 116 poisoned needles
 r - 51 tomahawks (quivered)
Armour
 d - a +2 cloak of invisibility (worn)
 t - a +2 robe of cold resistance
 v - the +1 robe of Plasticity {rElec rPois}
   (You bought it in a shop in a bazaar)

   It insulates you from electricity.
   It protects you from poison.
 y - a scarf of repulsion
 M - the +1 buckler "Asusul" {Stlth+}
   (You bought it in a shop on level 2 of the Orcish Mines)

   It makes you more stealthy.
 X - a +1 hat of magic resistance (worn)
 Y - the +2 robe of the Swamp (worn) {*Contam rN+ Regen+ Str+2}
   (You bought it in a shop on level 2 of the Orcish Mines)

   It affects your strength (+2).
   It protects you from negative energy.
   It causes magical contamination when unequipped.
   It increases your rate of regeneration.
Jewellery
 g - a ring of magical power (left hand)
 k - a +5 ring of strength
 n - an uncursed ring of protection from fire
 z - a +4 amulet of reflection (around neck)
 B - an uncursed ring of ice
 F - an uncursed ring of protection from cold
 H - an uncursed ring of resist corrosion
 Z - a ring of wizardry (right hand)
Wands
 h - a wand of paralysis (27)
 j - a wand of digging (44)
 E - a wand of acid (20)
Scrolls
 e - a scroll of magic mapping
 u - 7 scrolls of teleportation
 x - 12 scrolls of remove curse
 L - a scroll of amnesia
 S - 4 scrolls of brand weapon
 T - a scroll of identify
 W - a scroll of summoning
Potions
 i - 6 potions of curing
 l - a potion of resistance
 o - 3 potions of lignification
 p - 5 potions of agility
 q - 2 potions of flight
 s - 8 potions of haste
 C - a potion of cancellation
 D - a potion of ambrosia
 G - a potion of magic
 I - a potion of invisibility
 N - a potion of might
 Q - 2 potions of berserk rage
Books
 c - a book of Maledictions

   Spells                             Type                      Level
   a - Corona                         Hexes                        1
   b - Ensorcelled Hibernation        Hexes/Ice                    2
   c - Confuse                        Hexes                        3
   d - Tukima's Dance                 Hexes                        3
   e - Dazzling Spray                 Conjuration/Hexes            3
 f - a book of Minor Magic

   Spells                             Type                      Level
   a - Magic Dart                     Conjuration                  1
   b - Blink                          Translocation                2
   c - Call Imp                       Summoning                    2
   d - Slow                           Hexes                        2
   e - Conjure Flame                  Conjuration/Fire             3
   f - Mephitic Cloud                 Conjuration/Poison/Air       3
 A - a book of Conjurations

   Spells                             Type                      Level
   a - Magic Dart                     Conjuration                  1
   b - Searing Ray                    Conjuration                  2
   c - Dazzling Spray                 Conjuration/Hexes            3
   d - Fulminant Prism                Conjuration/Hexes            4
   e - Force Lance                    Conjuration/Translocation    4
   f - Iskenderun's Mystic Blast      Conjuration                  4
 K - a book of Clouds

   Spells                             Type                      Level
   a - Poisonous Vapours              Poison/Air                   2
   b - Mephitic Cloud                 Conjuration/Poison/Air       3
   c - Conjure Flame                  Conjuration/Fire             3
   d - Freezing Cloud                 Conjuration/Ice/Air          6
   e - Ring of Flames                 Charms/Fire                  7
 O - a book of Spatial Translocations

   Spells                             Type                      Level
   a - Blink                          Translocation                2
   b - Shroud of Golubria             Charms/Translocation         2
   c - Lesser Beckoning               Translocation                3
   d - Gell's Gravitas                Translocation                3
   e - Teleport Other                 Translocation                3
   f - Passage of Golubria            Translocation                4
 P - a manual of Stealth
 R - a book of Debilitation

   Spells                             Type                      Level
   a - Corona                         Hexes                        1
   b - Slow                           Hexes                        2
   c - Inner Flame                    Hexes/Fire                   3
   d - Portal Projectile              Hexes/Translocation          3
   e - Cause Fear                     Hexes                        4
   f - Leda's Liquefaction            Hexes/Earth                  4
 U - a book of Misfortune

   Spells                             Type                      Level
   a - Confusing Touch                Hexes                        1
   b - Confuse                        Hexes                        3
   c - Gell's Gravitas                Translocation                3
   d - Petrify                        Transmutation/Earth          4
   e - Metabolic Englaciation         Hexes/Ice                    5
   f - Yara's Violent Unravelling     Hexes/Transmutation          5
 V - a book of Power

   Spells                             Type                      Level
   a - Iskenderun's Battlesphere      Conjuration/Charms           5
   b - Venom Bolt                     Conjuration/Poison           5
   c - Bolt of Magma                  Conjuration/Fire/Earth       5
   d - Iron Shot                      Conjuration/Earth            6
   e - Orb of Destruction             Conjuration                  7
   f - Spellforged Servitor           Conjuration/Summoning        7
Miscellaneous
 J - a phantom mirror
Comestibles
 w - 21 rations


   Skills:
 - Level 9.2 Fighting
 - Level 8.0 Short Blades
 - Level 10.1 Dodging
 + Level 20.8 Stealth
 - Level 3.8 Shields
 - Level 18.0 Spellcasting
 - Level 15.2 Hexes
 - Level 2.2 Ice Magic
 - Level 10.0 Invocations


You had 26 spell levels left.
You knew the following spells:

 Your Spells              Type           Power        Failure   Level  Hunger
a - Corona                Hex            ######.      0%          1    None
b - Ensorcelled Hibernat  Hex/Ice        #####.       1%          2    None
c - Confuse               Hex            ######..     0%          3    None
d - Tukima's Dance        Hex            ######..     0%          3    None
e - Dazzling Spray        Conj/Hex       #####.       1%          3    None
f - Iskenderun's Mystic   Conj           ###.....     14%         4    None
g - Cause Fear            Hex            ######....   1%          4    None
h - Iron Shot             Conj/Erth      ###.......   88%         6    #####..


Dungeon Overview and Level Annotations

Branches:
Dungeon (15/15)            Temple (1/1) D:4            Lair (6/6) D:11
 Shoals (3/4) Lair:4        Snake (3/4) Lair:2        Slime (0/5) Lair:6
    Orc (2/2) D:12            Elf (1/3) Orc:2        Vaults (0/5) D:13
 Depths (0/5) D:15

Altars:
Ashenzari
Cheibriados
Dithmenos
Elyvilon
Fedhas
Gozag
Hepliaklqana
Kikubaaqudgha
Makhleb
Nemelex Xobeh
Okawaru
Qazlal
Ru
Sif Muna
Trog
Uskayaw
Vehumet
Wu Jian
Xom
Yredelemnul
Zin
The Shining One
Beogh
Jiyva

Shops:
D:6 *   D:10 %   D:14 %:*==   Orc:1 (   Orc:2 [*(=   Shoals:1 *   Shoals:2 ?
Snake:3 =

Portals:
Trove: D:10 (give horn of Geryon)

Annotations:
Shoals:3 exclusion: Roxanne, Polyphemus, Roxanne
Snake:2 Aizul
Snake:3 Azrael


Innate Abilities, Weirdness & Mutations

You are very small and have problems with some larger weapons.
You are too small for most types of armour.
You have supernaturally acute eyesight. (SInv)
You are a herbivore.
You cover ground extremely quickly.
You need consume almost no food.


Message History

Polyphemus throws a large rock.
The large rock completely misses you.
You hear a splash.
Found a large rock.
Unknown command.
Roxanne casts a spell.
You blink.
Splash!
Unknown command.
Roxanne mumbles some strange words.
You blink.
Splash!
Polyphemus throws a large rock.
The large rock hits you!!!
* * * LOW HITPOINT WARNING * * *
You emit a cloud of dark smoke.
You hear a splash.
You see here a large rock.
Unknown command.
Okay, then.
You feel better.
Polyphemus throws a large rock.
The large rock hits you!!
You die...

#.§§..≈≈≈≈≈≈≈≈≈≈≈≈≈≈≈≈
#§§§§..≈≈≈≈≈≈≈≈≈≈≈≈≈≈≈
#Y§C§...≈≈≈≈≈≈≈≈≈≈≈≈≈≈
#.§§§.....≈≈≈≈≈≈≈≈≈≈≈≈≈ .
#§§§§......≈≈≈≈≈≈≈.≈≈≈≈≈ ..
#.(§§.>..8..§≈≈≈≈≈≈≈....
...#..§§.......§§§≈≈≈≈≈≈.#.
≈..#...........§§§≈≈≈≈≈≈...
...#...........§@§m≈≈≈≈≈≈≈≈
...#Y.........≈§§§≈≈(≈≈≈≈≈.
..PP...<.#......≈≈.≈≈≈≈≈≈≈.
.................≈≈≈≈≈≈≈≈≈≈
.P.Y.^P...........≈≈≈≈≈≈≈≈≈
...........###.≈≈≈.C≈≈≈≈≈≈≈
P.P.P.####.##..≈≈≈≈≈≈≈≈≈≈≈≈
P...### ###..≈≈≈≈≈≈≈≈≈≈≈≈≈
P≈..######.....≈≈C≈≈≈≈≈≈≈≈≈


You could see Roxanne, Polyphemus and a water nymph.

Vanquished Creatures
  Rupert (D:12)
  Gastronok (Lair:2)
  A nagaraja (Snake:2)
  An orc warlord (Orc:2)
  The ghost of goulibeur the Envoy of Void, a journeyman DsAK of Lugonu (D:12)
  A red draconian (Volcano)
  3 merfolk impalers
  A great orb of eyes (D:15)
  4 hydras
  8 vault guards
  Erolcha (D:12)
  The ghost of RottenKnight the Thaumaturge, a journeyman DrCj of Sif Muna (Shoals:1)
  A centaur warrior (Volcano)
  3 naga warriors
  2 alligator snapping turtles (Shoals:2)
  2 catoblepae
  5 anacondas
  8 two-headed ogres
  A merfolk aquamancer (Shoals:2)
  3 naga sharpshooters (Snake:1)
  3 death yaks
  3 sea snakes
  A wizard (Abyss:1)
  An orange crystal statue (Shoals:1)
  3 unseen horrors
  A deep troll (Orc:1)
  A naga ritualist (Snake:1)
  9 harpies
  4 mana vipers
  Pikel (D:4)
  14 orc knights
  4 ugly things
  A wolf spider (Lair:5)
  A necromancer (Lair:2)
  4 oklob plants
  2 cyclopes
  3 orc sorcerers (Orc:1)
  4 deep elf magi
  4 salamanders
  2 manticores
  7 naga magi
  2 water nymphs (Shoals:2)
  15 elephants
  2 guardian serpents
  2 torpor snails (Lair:6)
  4 merfolk sirens
  Psyche (D:10)
  18 spiny frogs
  23 black mambas
  2 gargoyles
  2 efreet
  A centaur skeleton (D:13)
  7 komodo dragons
  7 yaktaurs
  The ghost of Ethylacetat the Poker, an amateur NaGl (D:3)
  16 merfolk
  A queen bee (shapeshifter) (D:15)
  10 trolls
  A jumping spider (shapeshifter) (D:14)
  A queen bee (D:8)
  A polar bear (Lair:3)
  8 hippogriffs
  10 slime creatures
  The ghost of TotesWizzard the Destroyer, an amateur DrCj (D:5)
  A wind drake (Shoals:2)
  2 hornets (Lair:5)
  10 dream sheep
  2 redbacks (Lair:6)
  A shadow (D:15)
  2 water elementals (Shoals:2)
  Sigmund (D:4)
  A ynoxinul (Abyss:1)
  A wraith (D:13)
  40 yaks
  A vampire (D:14)
  11 wyverns
  3 basilisks
  4 fire bats
  A chaos spawn (Abyss:1)
  3 fire elementals
  A golden eye (Abyss:1)
  2 hungry ghosts
  Edmund (D:6)
  17 nagas
  A swamp worm (shapeshifter) (D:15)
  5 wargs
  23 water moccasins
  8 porcupines
  A swamp drake (Orc:2)
  3 ice beasts
  29 orc warriors
  2 phantoms
  A black bear (D:6)
  4 sky beasts
  19 wolves
  12 centaurs
  14 ogres
  2 necrophages
  15 crocodiles
  4 big kobolds
  13 bullfrogs
  The ghost of flestrin the Covert, an amateur SpAs (D:4)
  3 elf zombies (Ossuary)
  A wyvern zombie (D:15)
  A wyvern skeleton (D:9)
  7 scorpions
  25 killer bees
  An electric eel (Lair:4)
  A bullfrog zombie (D:9)
  A centaur zombie (Ossuary)
  5 crimson imps
  A quasit (D:12)
  3 hounds
  2 jellies
  13 orc wizards
  10 orc priests
  A bullfrog skeleton (D:14)
  An iron imp (Orc:2)
  8 iguanas
  2 polar bear simulacra (Lair:2)
  Natasha (thrice) (D:4)
  5 worker ants
  2 yak simulacra (Lair:2)
  A killer bee zombie (D:13)
  4 wolf simulacra (Lair:2)
  2 big kobold zombies (Ossuary)
  A hound zombie (D:9)
  2 mummies (Ossuary)
  A howler monkey zombie (D:9)
  10 gnolls
  7 adders
  8 shadow imps
  A white imp (Orc:2)
  6 worms
  2 dart slugs (D:1)
  4 leopard geckos
  85 orcs
  3 ball pythons
  7 giant cockroaches
  9 hobgoblins
  7 jackals
  5 quokkas
  7 bats
  A frilled lizard (D:5)
  A giant cockroach zombie (D:5)
  10 goblins
  12 hobgoblin zombies (Ossuary)
  2 jackal zombies (Ossuary)
  22 kobolds
  7 kobold zombies (Ossuary)
  7 orc zombies (Ossuary)
  2 quokka zombies (D:6)
  7 rats
  3 rat zombies (Ossuary)
  3 river rat simulacra (Lair:2)
  A fungus (Lair:6)
  2 plants
868 creatures vanquished.

Vanquished Creatures (collateral kills)
  A rime drake (Lair:2)
1 creature vanquished.

Vanquished Creatures (others)
  A yaktaur (D:15)
  A naga (Snake:1)
  A centaur (D:13)
  2 orc wizards (Orc:2)
  A worker ant (D:4)
  An ufetubus (Abyss:1)
  An orc (Orc:2)
  31 fungi
  23 plants
  4 starspawn tentacles (Abyss:1)
66 creatures vanquished.

Grand Total: 935 creatures vanquished

Notes
Turn   | Place    | Note
-------+----------+-------------------------------------------
     0 | D:1      | poirepourri the Spriggan Enchanter began the quest for the Orb.
     0 | D:1      | Reached XP level 1. HP: 9/9 MP: 5/5
    11 | D:1      | Noticed a lindwurm
    11 | D:1      | Noticed a polar bear
    11 | D:1      | Noticed an anaconda
    12 | D:1      | Noticed a wolf
   161 | D:1      | Reached skill level 5 in Stealth
   299 | D:1      | Reached XP level 2. HP: 9/13 MP: 3/6
   303 | D:1      | Learned a level 2 spell: Ensorcelled Hibernation
   491 | D:1      | Reached skill level 6 in Stealth
   848 | D:1      | Reached XP level 3. HP: 8/16 MP: 0/8
  1102 | D:1      | Learned a level 3 spell: Confuse
  2026 | D:1      | Reached skill level 7 in Stealth
  2630 | D:2      | Reached XP level 4. HP: 21/21 MP: 2/9
  3521 | D:2      | Found a snail-covered altar of Cheibriados.
  4295 | D:3      | Found a burning altar of Makhleb.
  4375 | D:3      | Learned a level 3 spell: Tukima's Dance
  4415 | D:3      | Reached XP level 5. HP: 24/24 MP: 0/12
  4605 | D:3      | Noticed Ethylacetat's ghost (amateur NaGl)
  5595 | D:3      | Reached skill level 8 in Stealth
  6291 | D:3      | Killed Ethylacetat's ghost
  6291 | D:3      | Reached skill level 10 in Stealth
  6291 | D:3      | Reached XP level 6. HP: 20/28 MP: 11/13
  6484 | D:3      | Learned a level 3 spell: Dazzling Spray
  6619 | D:4      | Found a staircase to the Ecumenical Temple.
  6666 | D:4      | Noticed Pikel
  6666 | D:4      | Noticed a slave
  6667 | D:4      | Noticed a slave
  6668 | D:4      | Noticed a slave
  6668 | D:4      | Noticed a slave
  6673 | D:4      | Killed Pikel
  6673 | D:4      | Reached skill level 12 in Stealth
  6673 | D:4      | Reached XP level 7. HP: 32/32 MP: 14/14
  6683 | D:4      | Noticed Natasha
  6694 | D:4      | Killed Natasha
  6758 | D:4      | Reached skill level 13 in Stealth
  7085 | D:4      | Noticed flestrin's ghost (amateur SpAs)
  7086 | D:4      | Noticed Sigmund
  7087 | D:4      | Found an ancient bone altar of Kikubaaqudgha.
  7089 | D:4      | Killed Sigmund
  7089 | D:4      | Reached XP level 8. HP: 36/36 MP: 15/15
  7099 | D:4      | Killed flestrin's ghost
  7099 | D:4      | Reached skill level 14 in Stealth
  7333 | D:4      | Found a shimmering altar of Xom.
  7334 | D:4      | Found a hazy altar of Hepliaklqana.
  7334 | D:4      | Noticed an unseen horror
  7335 | D:4      | Noticed a spectral ugly thing
  7335 | D:4      | Noticed an unseen horror
  7417 | D:4      | Noticed Natasha
  7442 | D:4      | Killed Natasha
  7560 | D:4      | Noticed Natasha
  7579 | D:4      | Killed Natasha
  7599 | D:5      | Entered Level 5 of the Dungeon
  7747 | D:5      | Noticed TotesWizzard's ghost (amateur DrCj)
  7957 | Temple   | Entered the Ecumenical Temple
  8302 | Temple   | Became a worshipper of Dithmenos the Shadowed
  8496 | D:5      | Reached skill level 15 in Stealth
  8589 | D:5      | Reached skill level 5 in Spellcasting
  9010 | D:5      | Found a blossoming altar of Fedhas.
  9425 | D:5      | Killed TotesWizzard's ghost
  9425 | D:5      | Reached XP level 9. HP: 36/39 MP: 18/21
 10341 | D:6      | Found a sand-covered staircase.
 10350 | Ossuary  | Entered an ossuary
 10763 | Ossuary  | Reached * piety under Dithmenos
 11478 | D:6      | Found Zyfulul's Assorted Antiques.
 11501 | D:6      | Noticed Edmund
 11507 | D:6      | Killed Edmund
 11821 | D:6      | Reached skill level 10 in Spellcasting
 11865 | D:6      | Bought a scroll labeled IHI WURGHATHYON for 30 gold pieces
 11865 | D:6      | Bought a scroll of identify for 60 gold pieces
 11942 | D:6      | Reached ** piety under Dithmenos
 12003 | D:7      | Found a basalt altar of Yredelemnul.
 12148 | D:7      | Reached skill level 5 in Hexes
 12570 | D:7      | Found a transporter.
 12897 | D:8      | Noticed a queen bee
 12898 | D:8      | Killed a queen bee
 12913 | D:8      | Reached XP level 10. HP: 28/44 MP: 13/25
 13270 | D:7      | Found a transporter.
 13446 | D:8      | Noticed a two-headed ogre
 13454 | D:8      | Killed a two-headed ogre
 13454 | D:8      | Reached skill level 10 in Hexes
 13503 | D:8      | Noticed a two-headed ogre
 13516 | D:8      | Killed a two-headed ogre
 13523 | D:8      | Reached *** piety under Dithmenos
 13616 | D:8      | Found a stormy altar of Qazlal.
 13668 | D:8      | Found a shattered altar of Ashenzari.
 13793 | D:8      | Found an opulent altar of Gozag.
 13951 | D:8      | Found a hide-covered altar of Uskayaw.
 14184 | D:9      | Noticed a two-headed ogre
 14191 | D:9      | Killed a two-headed ogre
 14206 | D:9      | Noticed a two-headed ogre
 14213 | D:9      | Killed a two-headed ogre
 14213 | D:9      | Reached XP level 11. HP: 47/47 MP: 26/26
 14891 | D:10     | Entered Level 10 of the Dungeon
 15528 | D:10     | Found Fipommufuf's Food Boutique.
 15533 | D:10     | Bought a ration for 50 gold pieces
 15533 | D:10     | Bought a ration for 50 gold pieces
 15533 | D:10     | Bought a ration for 50 gold pieces
 15533 | D:10     | Bought a ration for 50 gold pieces
 15533 | D:10     | Bought a ration for 50 gold pieces
 15533 | D:10     | Bought a ration for 50 gold pieces
 15533 | D:10     | Bought a ration for 50 gold pieces
 15533 | D:10     | Bought a ration for 50 gold pieces
 15631 | D:10     | Found a radiant altar of Vehumet.
 15639 | D:10     | Noticed Psyche
 15650 | D:10     | Killed Psyche
 15674 | D:10     | Reached **** piety under Dithmenos
 16160 | D:10     | Noticed a vault guard
 16163 | D:10     | Killed a vault guard
 16166 | D:10     | Found a portal to a secret trove of treasure.
 17194 | D:11     | Found a staircase to the Lair.
 17195 | D:11     | Noticed an unseen horror
 17460 | D:11     | Killed an unseen horror
 17699 | D:11     | Found a shattered altar of Ashenzari.
 18015 | D:12     | Found a roughly hewn altar of Beogh.
 18015 | D:12     | Found a staircase to the Orcish Mines.
 18044 | D:12     | Reached skill level 1 in Fighting
 18687 | D:12     | Noticed a deep elf mage
 18691 | D:12     | Killed a deep elf mage
 18745 | D:12     | Noticed Erolcha
 18749 | D:12     | Killed Erolcha
 18862 | D:12     | Noticed goulibeur's ghost (journeyman DsAK)
 18864 | D:12     | Reached ***** piety under Dithmenos
 18908 | D:12     | Killed goulibeur's ghost
 18908 | D:12     | Reached XP level 12. HP: 45/58 MP: 17/31
 19515 | D:12     | Noticed Rupert
 19526 | D:12     | Killed Rupert
 19526 | D:12     | Reached skill level 5 in Fighting
 20186 | D:13     | Found a gate to the Vaults.
 20186 | D:13     | Noticed a vault guard
 20186 | D:13     | Noticed a vault guard
 20186 | D:13     | Noticed a vault guard
 20187 | D:13     | Noticed a vault guard
 20187 | D:13     | Noticed a vault guard
 20188 | D:13     | Noticed a vault guard
 20188 | D:13     | Noticed a vault guard
 20188 | D:13     | Noticed a vault guard
 20515 | Lair:1   | Entered Level 1 of the Lair of Beasts
 20667 | Lair:1   | Reached skill level 5 in Short Blades
 21712 | Lair:2   | Noticed a six-headed hydra
 21719 | Lair:2   | Killed a six-headed hydra
 22413 | Lair:2   | Noticed a seven-headed hydra
 22419 | Lair:2   | Killed a seven-headed hydra
 22599 | Lair:2   | Found a staircase to the Snake Pit.
 23111 | Lair:2   | Noticed Gastronok
 23125 | Lair:2   | Killed Gastronok
 23125 | Lair:2   | Reached skill level 5 in Dodging
 23125 | Lair:2   | Reached XP level 13. HP: 44/67 MP: 23/32
 27081 | Lair:4   | Learned a level 4 spell: Iskenderun's Mystic Blast
 27126 | Lair:4   | Found a hide-covered altar of Uskayaw.
 27143 | Lair:4   | Reached skill level 10 in Dodging
 27179 | Lair:4   | Found a dark tunnel.
 27202 | Volcano  | Entered a volcano
 27250 | Volcano  | Found a bloodstained altar of Trog.
 27263 | Volcano  | Reached skill level 16 in Stealth
 27278 | Volcano  | Noticed a red draconian
 27348 | Volcano  | Killed a red draconian
 27471 | Lair:4   | Found a staircase to the Shoals.
 27758 | Lair:4   | Reached skill level 17 in Stealth
 28668 | Lair:5   | Found a deep blue altar of Sif Muna.
 28674 | Lair:5   | Identified a scroll of acquirement
 29021 | Lair:5   | Reached skill level 18 in Stealth
 29290 | Lair:5   | Reached skill level 1 in Invocations
 29787 | Lair:6   | Entered Level 6 of the Lair of Beasts
 30009 | Lair:6   | Reached XP level 14. HP: 57/72 MP: 1/33
 30052 | Lair:5   | Reached skill level 5 in Invocations
 31323 | Lair:6   | Found a staircase to the Slime Pits.
 31323 | Lair:6   | Found a viscous altar of Jiyva.
 32874 | Lair:6   | Reached ****** piety under Dithmenos
 33602 | Lair:6   | Reached skill level 10 in Invocations
 34663 | Orc:1    | Entered Level 1 of the Orcish Mines
 35557 | Orc:1    | Found Volanyfa's Weapon Shoppe.
 35828 | Orc:2    | Entered Level 2 of the Orcish Mines
 35856 | Orc:2    | Cast into level 1 of the Abyss (orc warrior)
 35858 | Abyss:1  | Found a corrupted altar of Lugonu.
 35988 | Abyss:1  | Noticed a starcursed mass
 36091 | Abyss:1  | Found a corrupted altar of Lugonu.
 36386 | Abyss:1  | Noticed a starcursed mass
 36393 | Abyss:1  | Noticed a bone dragon
 36494 | Abyss:1  | Noticed a starcursed mass
 36538 | Abyss:1  | Noticed a balrug
 36539 | Abyss:1  | Noticed a green very ugly thing
 36573 | Abyss:1  | Noticed a balrug
 36688 | Abyss:1  | Noticed a tentacled starspawn
 36694 | Abyss:1  | Noticed a tentacled starspawn
 37274 | Abyss:1  | Noticed a tentacled starspawn
 37342 | Orc:2    | Escaped the Abyss
 37354 | Orc:2    | Found Safaus's Antique Weapon Emporium.
 37828 | Orc:2    | Reached XP level 15. HP: 72/79 MP: 29/34
 37947 | Orc:2    | Noticed an orc warlord
 37953 | Orc:2    | Killed an orc warlord
 37993 | Orc:2    | Reached skill level 19 in Stealth
 38972 | Orc:2    | Found Zoulozum's Antique Armour Shop.
 38992 | Orc:2    | Bought a glowing cloak for 210 gold pieces
 38992 | Orc:2    | Bought a distressingly furry buckler for 266 gold pieces
 38992 | Orc:2    | Bought a slimy robe for 159 gold pieces
 39002 | Orc:2    | Identified the +2 robe of the Swamp {*Contam rN+ Regen+ Str+2} (You bought it in a shop on level 2 of the Orcish Mines)
 39069 | Orc:2    | Found Kubishai's General Store.
 39077 | Orc:2    | Bought a potion of curing for 42 gold pieces
 39077 | Orc:2    | Bought 2 scrolls of identify for 56 gold pieces
 39077 | Orc:2    | Identified the +1 buckler "Asusul" {Stlth+} (You bought it in a shop on level 2 of the Orcish Mines)
 39177 | Orc:2    | Found Elall's Jewellery Shoppe.
 39185 | Orc:2    | Bought an uncursed ring of wizardry for 390 gold pieces
 39247 | Orc:2    | Found a staircase to the Elven Halls.
 39679 | Snake:1  | Entered Level 1 of the Snake Pit
 39901 | Snake:1  | Reached skill level 20 in Stealth
 39940 | Snake:1  | Reached skill level 15 in Spellcasting
 40122 | Snake:1  | Found a flickering gateway to a bazaar.
 40125 | Bazaar   | Entered a bazaar
 40125 | Bazaar   | Found Ischeap's Antique Weapon Shoppe.
 40125 | Bazaar   | Found Voeq Bimm's Jewellery Boutique.
 40141 | Bazaar   | Found Riloiq's Magic Scroll Emporium.
 40142 | Bazaar   | Found Gemiysha's Antique Armour Emporium.
 40163 | Bazaar   | Bought a shadowed robe for 102 gold pieces
 40166 | Bazaar   | Found Rawnatusk's General Store.
 40234 | Bazaar   | Bought a scroll of identify for 24 gold pieces
 40234 | Bazaar   | Bought a scroll of identify for 24 gold pieces
 40234 | Bazaar   | Bought a scroll of enchant weapon for 90 gold pieces
 40234 | Bazaar   | Bought a scroll of identify for 24 gold pieces
 40234 | Bazaar   | Bought a scroll of enchant armour for 90 gold pieces
 40234 | Bazaar   | Bought a scroll of teleportation for 36 gold pieces
 40322 | Bazaar   | Identified the +1 robe of Plasticity {rElec rPois} (You bought it in a shop in a bazaar)
 40616 | Snake:1  | HP: 2/79 [naga sharpshooter/bolt (22)]
 41684 | Snake:2  | Noticed a nagaraja
 42081 | Snake:2  | Noticed a nagaraja
 42082 | Snake:2  | Noticed a nagaraja
 43092 | Shoals:1 | Entered Level 1 of the Shoals
 43108 | Shoals:1 | Noticed RottenKnight's ghost (journeyman DrCj)
 43438 | D:12     | Reached skill level 1 in Ice Magic
 43489 | Elf:1    | Entered Level 1 of the Elven Halls
 43848 | Snake:2  | Killed a nagaraja
 44161 | Snake:2  | Reached XP level 16. HP: 84/84 MP: 37/37
 44878 | Snake:3  | Found Devvoerchoi's Jewellery Emporium.
 44952 | Snake:3  | Noticed Aizul
 44952 | Snake:3  | Noticed Azrael
 46788 | D:14     | Found Lutsohie's Book Shop.
 46897 | D:14     | Learned a level 4 spell: Cause Fear
 46904 | D:14     | Learned a level 6 spell: Iron Shot
 46919 | D:14     | Found Torhuni's General Store.
 46920 | D:14     | Found Liruesm's Jewellery Shop.
 46930 | D:14     | Got a slimy short sword
 46931 | D:14     | Identified the +3 short sword of the Genius {pierce, Str+4} (You acquired it on level 14 of the Dungeon)
 46977 | D:14     | Bought a scroll of identify for 30 gold pieces
 47004 | D:14     | Found a blossoming altar of Fedhas.
 47078 | D:14     | Found Liosysa's Food Boutique.
 47156 | D:14     | Bought a ration for 65 gold pieces
 47156 | D:14     | Bought a ration for 65 gold pieces
 47320 | D:14     | Found Emufak's Jewellery Emporium.
 47392 | D:15     | Entered Level 15 of the Dungeon
 47480 | D:15     | Reached XP level 17. HP: 85/88 MP: 38/38
 48436 | D:15     | Found a staircase to the Depths.
 49806 | Shoals:1 | Killed RottenKnight's ghost
 49984 | Shoals:1 | Found Nucram's Assorted Antiques.
 50006 | Shoals:1 | Bought 2 scrolls of identify for 112 gold pieces
 50184 | Shoals:2 | Found Kune Veu's Magic Scroll Emporium.
 50603 | Shoals:2 | Reached skill level 15 in Hexes
 51825 | Shoals:3 | Noticed Roxanne
 51826 | Shoals:3 | Noticed Polyphemus
 52005 | Shoals:3 | Hit by a large rock thrown by Polyphemus

Skill      XL: |  1  2  3  4  5  6  7  8  9 10 11 12 13 14 15 16 17 |
---------------+----------------------------------------------------+-----
Stealth        | 5 6 7 10 12 13 15 18 20 | 20.8
Spellcasting   | 3 4 7 10 14 16 18 | 18.0
Hexes          | 4 8 12 14 15 | 15.2
Short Blades   | 2 8 |  8.0
Fighting       | 4 7 9 |  9.2
Dodging        | 5 10 | 10.1
Invocations    | 4 10 | 10.0
Ice Magic      | 2 |  2.2
Shields        | 3 |  3.8

Action                   |  1- 3 |  4- 6 |  7- 9 | 10-12 | 13-15 | 16-18 || total
-------------------------+-------+-------+-------+-------+-------+-------++-------
Melee: Dagger            |   107 |   144 |   324 |   340 |   103 |       ||  1018
       Blowgun           |       |     2 |       |       |       |       ||     2
       Short sword       |       |       |       |       |   516 |   225 ||   741
 Fire: Blowgun           |       |     9 |       |     5 |       |       ||    14
 Cast: Corona            |     7 |       |       |       |       |       ||     7
       Ensorcelled Hiber |    38 |    57 |    84 |   140 |   365 |    98 ||   782
       Confuse           |     1 |    14 |    33 |    60 |    90 |    35 ||   233
       Dazzling Spray    |       |       |    28 |   120 |   288 |   104 ||   540
       Cause Fear        |       |       |       |       |       |     2 ||     2
Invok: Shadow Step       |       |       |       |       |    18 |     1 ||    19
Evoke: Wand              |       |       |       |       |       |     7 ||     7
  Use: Scroll            |       |     8 |    18 |    10 |    21 |     7 ||    64
       Potion            |       |     1 |     4 |     5 |     9 |     5 ||    24
 Stab: Sleeping          |    29 |    31 |    74 |   113 |   218 |    76 ||   541
       Confused          |     1 |     7 |    15 |    28 |    24 |     9 ||    84
       Distracted        |       |       |     1 |     1 |     1 |     1 ||     4
       Invisible         |       |       |       |     4 |    15 |     7 ||    26
  Eat: Ration            |     1 |     4 |     5 |     5 |    10 |     5 ||    30
Armor: Robe              |    17 |    25 |    40 |    31 |    79 |    16 ||   208
Dodge: Dodged            |   108 |   107 |   224 |   313 |  1022 |   279 ||  2053
Block: Other             |       |       |       |       |    63 |    49 ||   112
       Reflection        |       |       |       |       |    10 |    10 ||    20
